AoeStats
← KaLong

Arena

508307883Analyzed
4v4 RM · 11d ago on Sep 21, 2026· 47m 15s· 8 players
Game mode
Random Map
Map size
Large (8 player)
Population
200
Speed
Normal
Resources
Standard
Victory
Conquest
Starting age
Dark Age
Ending age
Imperial Age
RankedLock teamsTeams togetherTeam positionsShared explorationLock speedFull tech treeHidden civsTurbo modeCheats
Victory
Defeat
🇷🇴 Saracens · Romania
1576
+15
🇨🇱 Persians · Chile
1571
+15
🇺🇸 Wu · United States
1532
+16
🇦🇷 Bohemians · Argentina
1443
+20
🇩🇪 Japanese · Germany
1622
-20
🇲🇦 Persians · Morocco
1611
-19
🇨🇦 Mongols · Canada
1485
-14
🇺🇸 Bengalis · United States
1444
-13
[CL]Andrectho
10:47 Feudal Age
14:36 Castle Age
13:15 Double-Bit Axe
13:38 Horse Collar
14:35 Gold Mining
19:17 Loom
19:20 Town Watch
23:16 Wheelbarrow
28:26 Heavy Plow
28:42 Bow Saw
31:53 Imperial Age
29:19 Stone Mining
29:46 Scale Barding Armor
29:52 Forging
29:55 Bloodlines
30:52 Chain Barding Armor
30:37 Husbandry
30:48 Forging
31:18 Gold Shaft Mining
32:18 Hand Cart
32:04 Elite War Elephant
34:17 Plate Barding Armor
34:18 Iron Casting
34:10 Conscription
34:51 Crop Rotation
35:59 Fletching
38:39 Blast Furnace
38:30 Bodkin Arrow
39:35 Devotion
46:18 Stone Shaft Mining
46:57 Chemistry
KaLong
11:26 Feudal Age
15:49 Castle Age
13:41 Double-Bit Axe
15:56 Fletching
16:38 Bodkin Arrow
19:31 Bow Saw
19:59 Padded Archer Armor
21:57 Ballistics
26:18 Leather Archer Armor
26:09 Red Cliffs Tactics
26:36 Loom
30:29 Wheelbarrow
29:40 Horse Collar
37:17 Imperial Age
36:12 Forging
36:03 Scale Mail Armor
35:49 Pikeman
37:47 Iron Casting
38:15 Bracer
37:39 Halberdier
40:11 Bracer
41:12 Blast Furnace
41:51 Two-Man Saw
44:31 Hand Cart
46:46 Chemistry
47:50 Conscription
vuvukiller
10:58 Feudal Age
14:49 Castle Age
13:10 Double-Bit Axe
13:42 Horse Collar
14:00 Gold Mining
16:02 Bow Saw
15:53 Heavy Plow
23:29 Wheelbarrow
24:11 Gold Shaft Mining
24:45 Stone Mining
27:48 Imperial Age
25:41 Loom
26:12 Hand Cart
26:23 Fletching
27:23 Scale Barding Armor
27:28 Forging
28:26 Bloodlines
28:16 Husbandry
28:40 Chain Barding Armor
27:58 Heavy Camel Rider
30:58 Town Watch
33:28 Conscription
33:53 Plate Barding Armor
36:27 Iron Casting
38:17 Caravan
38:17 Elite Mameluke
38:35 Light Cavalry
40:19 Blast Furnace
40:26 Hussar
43:14 Bodkin Arrow
NicoRespeto
10:53 Feudal Age
13:52 Loom
14:08 Fletching
23:08 Castle Age
25:23 Chemistry
25:43 Wheelbarrow
26:27 Padded Archer Armor
26:48 Double-Bit Axe
34:07 Hand Cart
33:48 Elite Skirmisher
37:21 Horse Collar
38:13 Bodkin Arrow
40:13 Heavy Plow
40:49 Leather Archer Armor
45:24 Imperial Age
46:16 Bracer
Silence
10:39 Feudal Age
14:46 Castle Age
13:01 Double-Bit Axe
13:15 Horse Collar
16:59 Bow Saw
18:32 Heavy Plow
20:41 Loom
21:25 Gold Mining
26:50 Stone Mining
30:32 Imperial Age
28:02 Fletching
28:13 Padded Archer Armor
28:41 Ballistics
28:09 Crossbowman
28:57 Bodkin Arrow
28:46 Treadmill Crane
31:00 Wheelbarrow
30:42 Leather Archer Armor
32:26 Chemistry
30:47 Arbalester
30:56 Arbalester
31:38 Bracer
36:50 Crop Rotation
37:38 Two-Man Saw
38:45 Ring Archer Armor
38:21 Scale Barding Armor
38:12 Elite Skirmisher
44:04 Squires
44:05 Scale Mail Armor
44:16 Forging
Schvank
10:51 Feudal Age
14:33 Castle Age
12:28 Double-Bit Axe
12:52 Horse Collar
16:06 Bow Saw
21:25 Wheelbarrow
20:39 Loom
22:26 Stone Mining
23:44 Stone Shaft Mining
23:44 Gold Mining
25:01 Gold Shaft Mining
26:16 Heavy Plow
29:45 Imperial Age
27:06 Fletching
27:47 Hand Cart
28:29 Bodkin Arrow
28:35 Padded Archer Armor
29:30 Ballistics
30:05 Leather Archer Armor
30:54 Conscription
31:19 Parthian Tactics
31:09 Bracer
32:14 Chemistry
32:08 Husbandry
32:19 Bloodlines
32:15 Thumb Ring
33:03 Light Cavalry
33:49 Scale Barding Armor
33:55 Forging
33:29 Elite Mangudai
35:58 Fervor
35:48 Hussar
36:49 Chain Barding Armor
37:22 Coinage
37:56 Iron Casting
36:52 Capped Ram
43:15 Blast Furnace
Samara
10:04 Feudal Age
14:17 Castle Age
12:49 Double-Bit Axe
13:13 Horse Collar
15:05 Wheelbarrow
18:13 Hand Cart
22:23 Gold Mining
22:39 Scale Barding Armor
23:26 Bloodlines
23:44 Chain Barding Armor
24:43 Husbandry
24:57 Forging
26:49 Iron Casting
27:30 Gold Shaft Mining
28:13 Loom
31:26 Imperial Age
29:38 Stone Mining
31:20 Elite War Elephant
32:34 Conscription
33:26 Plate Barding Armor
34:45 Blast Furnace
36:24 Fletching
36:35 Padded Archer Armor
37:17 Bodkin Arrow
38:51 Leather Archer Armor
39:47 Stone Shaft Mining
40:41 Ring Archer Armor
41:00 Bow Saw
41:58 Ballistics
42:39 Chemistry
42:58 Elite Skirmisher
DaKrankVieh
5:42 Loom
8:45 Feudal Age
8:55 Man-at-Arms
10:55 Double-Bit Axe
11:14 Arson
16:55 Fletching
19:10 Scale Mail Armor
26:13 Castle Age
25:03 Town Watch
25:13 Gold Mining
25:39 Horse Collar
25:51 Stone Mining
26:23 Long Swordsman
27:14 Bodkin Arrow
31:20 Bow Saw
36:23 Imperial Age
33:58 Pikeman
34:09 Elite Skirmisher
37:22 Wheelbarrow
38:18 Halberdier
42:13 Hand Cart
42:16 Squires
43:26 Chain Mail Armor
Connection lost

Rejoining the realm…

Still unreachable

The connection could not be restored.

Session expired

The server has moved on; the page needs a fresh start.